details: 'OvO lust tauren'

« prev index next »

General information

Mini Map

Players

team 1
Orcrines (teal | 105 APM | 1828 actions | 17:28)
Hero icon 3 Blademaster
Ability icon 2 Wind Walk
Ability icon 1 Critical Strike
Hero icon 3 Shadow Hunter
Ability icon 2 Healing Wave
Ability icon 1 Hex

» actions
Assign group hotkey20
Basic commands67
Build / train82
Enter build submenu18
Enter hero's abilities submenu6
Give item / drop item3
Right click761
Select / deselect200
Select group hotkey582
Use ability89
1828 total
» units
Peon16
Shaman9
Tauren4
29 total
» upgrades
Shaman Training2
Pulverize1
3 total
» buildings
Altar of Storms1
Orc Burrow6
Voodoo Lounge1
War Mill1
Stronghold5
Watch Tower6
Fortress3
Spirit Lodge1
Tauren Totem2
26 total
» build order
00:05 Altar of Storms
00:15 Orc Burrow
01:05 Voodoo Lounge
01:32 War Mill
01:49 Orc Burrow
02:51 Stronghold
02:51 Stronghold
02:51 Stronghold
02:51 Stronghold
03:02 Watch Tower
03:22 Watch Tower
04:07 Orc Burrow
06:13 Fortress
06:14 Fortress
06:14 Fortress
06:21 Spirit Lodge
08:42 Tauren Totem
08:45 Tauren Totem
09:53 Watch Tower
09:54 Watch Tower
09:59 Watch Tower
10:12 Watch Tower
12:09 Orc Burrow
13:20 Orc Burrow
13:22 Orc Burrow
» items
Lesser Clarity Potion8
Healing Salve3
Boots of Speed1
Staff of Teleportation1
Orb of Lightning3
Tiny Great Hall1
Potion of Lesser Invulnerability1
Potion of Healing2
Potion of Mana1
21 total
team 2
Random» Orcschmitty9800 (red | 105 APM | 1835 actions | 17:30)
Hero icon 4 Far Seer
Ability icon 2 Feral Spirit
Ability icon 2 Chain Lighting
Hero icon 3 Shadow Hunter
Ability icon 1 Hex
Ability icon 2 Healing Wave
Hero icon 2 Tauren Chieftain
Ability icon 1 War Stomp
Ability icon 1 Endurance Aura

» actions
Assign group hotkey53
Basic commands20
Build / train66
ESC pressed6
Enter build submenu25
Enter hero's abilities submenu9
Right click673
Select / deselect383
Select group hotkey507
Use ability93
1835 total
» units
Peon20
Grunt7
Troll Witch Doctor4
Raider3
Spirit Walker4
Tauren1
39 total
» upgrades
Witch Doctor Training2
Berserker Strength1
Ensnare1
Pillage1
Spirit Walker Training2
War Drums Damage Increase1
Pulverize1
9 total
» buildings
Altar of Storms1
Orc Burrow9
Barracks1
Voodoo Lounge2
Stronghold1
War Mill1
Spirit Lodge2
Beastiary1
Great Hall2
Watch Tower2
Fortress1
Tauren Totem1
24 total
» build order
00:04 Altar of Storms
00:13 Orc Burrow
00:32 Barracks
01:30 Orc Burrow
02:37 Voodoo Lounge
03:38 Orc Burrow
04:02 Stronghold
04:12 Orc Burrow
04:40 Voodoo Lounge
04:54 Orc Burrow
05:21 Orc Burrow
05:32 Orc Burrow
06:37 War Mill
07:58 Spirit Lodge
08:02 Beastiary
08:56 Great Hall
09:04 Watch Tower
11:03 Watch Tower
11:24 Fortress
12:46 Spirit Lodge
12:57 Orc Burrow
13:53 Tauren Totem
14:16 Orc Burrow
14:43 Great Hall
» items
Lesser Clarity Potion2
Healing Salve1
Scroll of Speed1
4 total